 Dungeon Crawl Stone Soup version 0.25.1-2-g60ff931df9 (webtiles) character file.

Game seed: 3045088349962369758

49878 hawla the Fencer (level 14, -1/312 HPs)
             Began as a Minotaur Gladiator on Nov 6, 2020.
             Was an Initiate of Gozag.
             Slain by a cyan ugly thing (12 damage)
             ... on level 15 of the Dungeon.
             The game lasted 00:48:03 (15612 turns).

hawla the Fencer (Minotaur Gladiator)              Turns: 15612, Time: 00:48:03

Health: -1/312     AC: 27    Str: 27    XL:     14   Next: 17%
Magic:  15/15      EV:  2    Int:  5    God:    Gozag
Gold:   2204       SH:  5    Dex: 11    Spells: 13/13 levels left

rFire    + . .     SeeInvis .   o - +5 scimitar (flame)
rCold    . . .     Gourm    .   (no shield)
rNeg     + + +     Faith    .   (armour currently unavailable)
rPois    +         Spirit   .   (helmet currently unavailable)
rElec    .         Reflect  +   (cloak currently unavailable)
rCorr    .         Harm     .   (gloves currently unavailable)
MR       ++...     NoTele   +   (boots currently unavailable)
Stlth    ..........             k - amulet of reflection
HPRegen  0.62/turn              u - ring of protection from fire
MPRegen  0.14/turn              E - ring of protection from magic

@: berserking, tree-form, very quick
A: (retaliatory headbutt), blurry vision 1, robust 1, strong 1
a: Potion Petition, Call Merchant, Bribe Branch, Renounce Religion


You were on level 15 of the Dungeon.
You worshipped Gozag.
Gozag was most pleased with you.
You were full.
You were a tree.
You visited 2 branches of the dungeon, and saw 16 of its levels.

You collected 3132 gold pieces.
You spent 790 gold pieces at shops.
You paid 138 gold pieces to Gozag.

Inventory:

Hand Weapons
 g - a +1 short sword of draining
 l - a +0 long sword of holy wrath
 o - a +5 scimitar of flaming (weapon)
 L - a +0 dagger of venom
Missiles
 d - 6 throwing nets
 i - 25 poisoned darts
 p - 27 boomerangs (quivered)
Armour
 c - a +2 hat (melded)
 t - a +2 pair of boots (melded)
 x - the +0 cloak of Protective Custody (melded) {Regen+ Int+2 SInv Stlth+}
   (You found it on level 5 of the Dungeon)

   It affects your intelligence (+2).
   It lets you see invisible.
   It increases your rate of regeneration.
   It makes you more stealthy.
 Q - a +2 robe of cold resistance
 S - the +3 ring mail "Uheoc" (melded) {rElec MR+ Dex+4}
   (You found it on level 11 of the Dungeon)

   It affects your dexterity (+4).
   It insulates you from electricity.
   It affects your resistance to hostile enchantments.
Jewellery
 e - an uncursed ring of protection from magic
 k - an amulet of reflection (around neck)
 s - an uncursed ring of protection from cold
 u - a ring of protection from fire (left branch)
 A - a +4 ring of evasion
 E - a ring of protection from magic (right branch)
 O - an uncursed ring of ice
Wands
 r - a wand of acid (5)
 B - a wand of flame (28)
 G - a wand of clouds (4)
 M - a wand of digging (9)
 N - a wand of disintegration (8)
Scrolls
 h - 8 scrolls of enchant armour
 j - a scroll of remove curse
 y - 3 scrolls of fear
 z - a scroll of teleportation
 F - a scroll of fog
Potions
 b - 2 potions of haste
 m - 2 potions of curing
 n - 3 potions of flight
 w - 2 potions of might
 H - a potion of berserk rage
 I - a potion of cancellation
Miscellaneous
 a - a tin of tremorstones (3/3)
 q - a phial of floods (inert)
 C - a tin of tremorstones (3/3)
Comestibles
 f - 27 rations


   Skills:
 + Level 12.7 Fighting
 + Level 7.5(11.7) Short Blades
 + Level 15.1(15.7) Long Blades
 + Level 6.6 Throwing
 + Level 9.9 Armour
 * Level 14.2 Dodging
 - Level 2.7 Stealth
 * Level 3.5 Evocations


You had 13 spell levels left.
You didn't know any spells.
Your spell library was empty.

Dungeon Overview and Level Annotations

Branches:
Dungeon (15/15)            Temple (1/1) D:6            Lair (0/6) D:8
    Orc (0/2) D:9          Vaults (0/5) D:14
 Depths: D:15

Altars:
Ashenzari
Cheibriados
Dithmenos
Elyvilon
Fedhas
Gozag
Hepliaklqana
Kikubaaqudgha
Makhleb
Nemelex Xobeh
Okawaru
Qazlal
Ru
Sif Muna
Trog
Uskayaw
Vehumet
Wu Jian
Xom
Yredelemnul
Zin
The Shining One
Beogh

Shops:
D:9 (

Portals:
Trove: D:12 (give +5 ice dragon scales)

Annotations:
D:15 2 runed translucent doors, Agnes; Duder's ghost, journeyman MiBe


Innate Abilities, Weirdness & Mutations

((You reflexively headbutt those who attack you in melee.))
((You have a pair of horns on your head.))
((You have a beak for a mouth.))
((You have sharp toenails.))
Scrolls take you a little longer to read.
((Your flesh is cold resistant. (rC+)))
You are robust. (+10% HP)
Your muscles are strong. (Str +2)


Message History

The red ugly thing claws you but does no damage.
The naga mage casts a spell.
The naga mage seems to speed up.
The cyan ugly thing headbutts you but does no damage.
You block Agnes's attack.
You closely miss Agnes.
Agnes is lightly wounded.
You block the red ugly thing's attack.
Agnes hits you with a +5 lajatang of speed!
* * * LOW HITPOINT WARNING * * *
The naga mage hits you but does no damage.
Unknown command.
You slice Agnes!! You burn Agnes!
Agnes is heavily wounded.
The red ugly thing trunk-slaps you but does no damage.
The cyan ugly thing headbutts you.
* * * LOW HITPOINT WARNING * * *
The cyan ugly thing shocks you!
You die...
Your body crumbles into a pile of gold.

.##.##≈#......#..(..........
.#######......#.............
....###########...#+####....
....[.....(((((...# ...
....N.............# ..
###N###...........# .
#..e..##^.....N.u.######
.......##......iuu......
.#####..#.......♣u...... .
$.#.......uu......
.#........(......
#...............
.....######...? ..... .... #
.... ... ##### .... .. .....


You could see Agnes, 6 ugly things and a naga mage (fast).

Vanquished Creatures
  Nessos (D:15)
  Fannar (D:11)
  Harold (D:9)
  6 centaur warriors
  2 hydras
  A catoblepas (D:15)
  3 two-headed ogres
  Erica (D:8)
  2 tengu warriors (D:15)
  3 skeletal warriors (D:12)
  6 unseen horrors
  A harpy (shapeshifter) (D:13)
  A deep elf mage (D:14)
  A necromancer (D:14)
  Pikel (D:7)
  13 ugly things
  8 cyclopes
  4 molten gargoyles (D:11)
  A gargoyle (D:13)
  3 komodo dragons
  4 trolls
  5 hornets
  A raiju (shapeshifter) (D:14)
  4 hippogriffs
  A shadow (D:13)
  2 wraiths
  A vampire (D:15)
  2 wyverns
  22 yaks
  6 hungry ghosts
  2 steam dragons
  5 vampire mosquitoes
  An acid dragon (D:14)
  A soldier ant (D:8)
  3 water moccasins
  A soldier ant (shapeshifter) (D:15)
  A porcupine (D:8)
  12 orc warriors
  5 phantoms
  5 sky beasts
  A black bear (D:9)
  4 necrophages
  5 ice beasts
  2 eyes of draining
  8 ogres
  22 centaurs
  A big kobold (D:12)
  13 bullfrogs
  A gnoll sergeant (D:9)
  7 scorpions
  14 wights
  5 howler monkeys
  6 crimson imps
  A lava snake (D:11)
  3 bullfrog zombies
  3 centaur zombies
  5 quasits
  11 hounds
  6 jellies
  18 orc priests
  5 centaur skeletons
  A gnoll shaman (D:7)
  14 orc wizards
  2 bullfrog skeletons
  7 iguanas
  13 worker ants
  2 hound zombies
  A hound skeleton (D:11)
  A worker ant zombie (D:7)
  20 gnolls
  A howler monkey skeleton (D:8)
  12 adders
  3 shadow imps
  2 dart slugs (D:1)
  3 worms
  4 leopard geckos
  65 orcs
  7 giant cockroaches
  7 hobgoblins
  15 jackals
  4 quokkas
  4 bats (D:1)
  6 frilled lizards
  3 goblins
  14 kobolds
  A leopard gecko skeleton (D:7)
  2 quokka skeletons
  4 rats
503 creatures vanquished.

Vanquished Creatures (others)
  A giant cockroach (D:7)
  4 jackals
5 creatures vanquished.

Grand Total: 508 creatures vanquished

Notes
Turn   | Place    | Note
-------+----------+-------------------------------------------
     0 | D:1      | hawla the Minotaur Gladiator began the quest for the Orb.
     0 | D:1      | Reached XP level 1. HP: 18/18 MP: 0/0
   310 | D:1      | Reached XP level 2. HP: 25/25 MP: 1/1
  1063 | D:2      | Reached skill level 4 in Long Blades
  1063 | D:2      | Reached XP level 3. HP: 21/30 MP: 2/2
  1370 | D:2      | Found a shattered altar of Ashenzari.
  1373 | D:2      | Reached skill level 1 in Armour
  1507 | D:2      | Found a snail-covered altar of Cheibriados.
  1646 | D:2      | Reached XP level 4. HP: 37/37 MP: 3/3
  2163 | D:3      | Found a blossoming altar of Fedhas.
  2203 | D:3      | Found a basalt altar of Yredelemnul.
  2599 | D:4      | Reached XP level 5. HP: 44/44 MP: 4/4
  3053 | D:4      | Reached skill level 5 in Dodging
  3053 | D:4      | Reached XP level 6. HP: 51/51 MP: 5/5
  3125 | D:4      | Reached skill level 5 in Long Blades
  3155 | D:4      | Found a bloodstained altar of Trog.
  3250 | D:4      | Reached skill level 1 in Short Blades
  3309 | D:4      | Gained mutation: You are occasionally teleported next to
                  | monsters. [potion of mutation]
  3309 | D:4      | Gained mutation: You have sharp toenails. [potion of
                  | mutation]
  3309 | D:4      | Gained mutation: You have a beak for a mouth. [potion of
                  | mutation]
  3309 | D:4      | Gained mutation: You are somewhat resistant to further
                  | mutation. [potion of mutation]
  3710 | D:4      | Reached XP level 7. HP: 58/58 MP: 6/6
  4149 | D:5      | Entered Level 5 of the Dungeon
  4230 | D:5      | Reached skill level 6 in Long Blades
  4236 | D:5      | Reached XP level 8. HP: 24/66 MP: 7/7
  4433 | D:5      | Reached skill level 1 in Stealth
  4499 | D:5      | Got a brightly glowing cloak
  4510 | D:5      | Identified the +0 cloak of Protective Custody {Regen+ Int+2
                  | SInv Stlth+} (You found it on level 5 of the Dungeon)
  4729 | D:5      | Lost mutation: You are occasionally teleported next to
                  | monsters. [potion of mutation]
  4729 | D:5      | Lost mutation: You are somewhat resistant to further
                  | mutation. [potion of mutation]
  4729 | D:5      | Gained mutation: Your flesh is cold resistant. (rC+)
                  | [potion of mutation]
  4729 | D:5      | Gained mutation: Scrolls take you a little longer to read.
                  | [potion of mutation]
  4729 | D:5      | Gained mutation: You are robust. (+10% HP) [potion of
                  | mutation]
  4729 | D:5      | Gained mutation: Your muscles are strong. (Str +2) [potion
                  | of mutation]
  4734 | D:5      | Reached skill level 5 in Armour
  5011 | D:6      | Reached skill level 7 in Long Blades
  5372 | D:6      | Reached skill level 5 in Fighting
  5446 | D:6      | Found a staircase to the Ecumenical Temple.
  5466 | Temple   | Entered the Ecumenical Temple
  6144 | D:6      | Reached XP level 9. HP: 76/81 MP: 8/8
  6283 | D:7      | Noticed Pikel
  6297 | D:7      | Killed Pikel
  6297 | D:7      | Reached skill level 5 in Short Blades
  6352 | D:7      | Reached skill level 8 in Long Blades
  6695 | D:7      | Reached XP level 10. HP: 78/92 MP: 9/9
  6858 | D:8      | Reached skill level 9 in Long Blades
  6880 | D:8      | Found a staircase to the Lair.
  7007 | D:8      | Found Zin's Purification Station.
  7007 | D:8      | Found a glowing silver altar of Zin.
  7070 | D:8      | Noticed a cyclops
  7085 | D:8      | Killed a cyclops
  7242 | D:8      | Noticed a two-headed ogre
  7252 | D:8      | Killed a two-headed ogre
  7252 | D:8      | Reached skill level 10 in Long Blades
  7252 | D:8      | Reached skill level 10 in Dodging
  7349 | D:8      | Noticed Erica
  7366 | D:8      | Killed Erica
  7390 | D:8      | Found an ancient bone altar of Kikubaaqudgha.
  8288 | D:7      | Reached XP level 11. HP: 96/103 MP: 10/10
  8396 | D:9      | Reached skill level 11 in Long Blades
  8719 | D:9      | Found Firif's Antique Weapon Emporium.
  8926 | D:9      | Found a staircase to the Orcish Mines.
  8929 | D:9      | Found a roughly hewn altar of Beogh.
  9211 | D:9      | Found an opulent altar of Gozag.
  9263 | D:9      | Became a worshipper of Gozag Ym Sagoz the Greedy
  9551 | D:9      | Noticed Harold
  9566 | D:9      | Killed Harold
  9641 | D:10     | Entered Level 10 of the Dungeon
  9662 | D:10     | Noticed an unseen horror
  9664 | D:10     | Killed an unseen horror
  9837 | D:10     | Reached skill level 12 in Long Blades
 10454 | D:8      | Bought a potion of curing for 90 gold pieces
 10576 | D:11     | Found a glowing golden altar of the Shining One.
 10961 | D:11     | Noticed Fannar
 10982 | D:11     | Killed Fannar
 10982 | D:11     | Reached skill level 13 in Long Blades
 10982 | D:11     | Reached XP level 12. HP: 94/116 MP: 11/11
 11123 | D:11     | Found Xidgh's Food Shoppe.
 11193 | D:11     | Bought a ration for 70 gold pieces
 11193 | D:11     | Bought a ration for 70 gold pieces
 11193 | D:11     | Bought a ration for 70 gold pieces
 11193 | D:11     | Bought a ration for 70 gold pieces
 11193 | D:11     | Bought a ration for 70 gold pieces
 11193 | D:11     | Bought a ration for 70 gold pieces
 11193 | D:11     | Bought a ration for 70 gold pieces
 11193 | D:11     | Bought a ration for 70 gold pieces
 11193 | D:11     | Bought a ration for 70 gold pieces
 11193 | D:11     | Bought a ration for 70 gold pieces
 11290 | D:11     | Got a distressingly furry ring mail
 11301 | D:11     | Identified the +3 ring mail "Uheoc" {rElec MR+ Dex+4} (You
                  | found it on level 11 of the Dungeon)
 11547 | D:12     | Reached skill level 5 in Throwing
 11698 | D:12     | Noticed a six-headed hydra
 11704 | D:12     | Killed a four-headed hydra
 11704 | D:12     | Reached skill level 10 in Fighting
 11842 | D:12     | Reached skill level 1 in Evocations
 12058 | D:12     | Noticed a centaur warrior
 12064 | D:12     | Killed a centaur warrior
 12527 | D:12     | Reached skill level 14 in Long Blades
 12688 | D:12     | Found a portal to a secret trove of treasure.
 13138 | D:13     | Noticed a two-headed ogre
 13143 | D:13     | Killed a two-headed ogre
 13143 | D:13     | Reached XP level 13. HP: 127/127 MP: 12/12
 13742 | D:14     | Found an iron altar of Okawaru.
 14330 | D:14     | Found a gate to the Vaults.
 14648 | D:14     | Reached skill level 15 in Long Blades
 14833 | D:15     | Entered Level 15 of the Dungeon
 14845 | D:15     | Noticed Nessos
 14855 | D:15     | Killed Nessos
 14887 | D:15     | Found a large runed translucent door.
 14887 | D:15     | Found a large runed translucent door.
 14894 | D:15     | Noticed Duder's ghost (journeyman MiBe)
 15104 | D:15     | Reached XP level 14. HP: 48/139 MP: 15/15
 15591 | D:15     | Noticed Agnes
 15611 | D:15     | HP: 14/312 [Agnes/+5 lajatang of speed (10)]
 15612 | D:15     | Slain by a cyan ugly thing

Illustrated notes

Levels and vault maps discovered:
D:1:      lightli_arrival_farm, layout_basic, minmay_pentomino_t2
D:2:      layout_rooms, overflow_temple_1_default,
          lemuel_coloured_pillars_altar, chequers_serial_rivers_micro_d
D:3:      layout_loops_corners, fedhas_altar_1, lemuel_round_altar, first_ration
D:4:      minmay_skewed_foursquare, layout_basic, overflow_temple_1_default
D:5:      layout_cave_pools, hangedman_abyss_or_decor_stabs
D:6:      layout_loops_corners, minmay_temple_entry_junction
D:7:      minmay_s_stair_smasher, layout_rooms, uniq_pikel
D:8:      layout_cave_pods, zin_purify, kiku_gazebo_garden_becter,
          grunt_lair_entry_orc_guard_hut, lightli_ossuary_entry_decrepit_ruins,
          hangedman_pestilent_swarm, minmay_small_thing, uniq_erica
D:9:      layout_irregular_city, grunt_gozag_statues, david_orc_5, serial_shops,
          shop, chequers_mini_garden, uniq_harold
D:10:     layout_rooms, serial_co_window_serial, co_window_of_opportunity_a,
          co_window_paths_b, co_window_paths_a, co_window_corner_a,
          co_window_paths_a, co_window_2corner, co_window_unsneaky_path_b,
          co_window_broadway_b, co_window_2corner, co_window_broadway_c,
          glass_columns_a, glass_columns_a, glass_columns_a, glass_columns_a,
          glass_columns_a
D:11:     layout_gridville, basic_altar, serial_shops, shop, minivault_8,
          uniq_fannar
D:12:     layout_irregular_city, enter_trove_2
D:13:     layout_loops_ring, serial_glass, glass_columns_b, glass_columns_a,
          drop_trap
D:14:     layout_roguey, david_vaults_1, basic_altar,
          chequers_serial_rivers_micro_e, palyth_stone_intersect
D:15:     grunt_enter_depths_magical_seal, layout_irregular_city,
          ebering_ghost_disaster_area, minmay_misc_feat_alley,
          dk_noncrumbling_4, uniq_agnes, uniq_nessos
Temple:   eino_temple_water

Skill      XL: |  1  2  3  4  5  6  7  8  9 10 11 12 13 14 |
---------------+-------------------------------------------+-----
Dodging        | 4 5 7 9 10 11 12 14 | 14.2
Long Blades    | 4 5 6 7 8 10 13 14 15 | 15.1
Armour         | 1 3 4 5 6 7 9 |  9.9
Fighting       | 3 4 5 6 7 9 11 12 | 12.7
Short Blades   | 2 3 4 5 6 7 |  7.5
Throwing       | 3 4 6 |  6.6
Stealth        | 2 |  2.7
Evocations     | 1 2 3 |  3.5

Action                   |  1- 3 |  4- 6 |  7- 9 | 10-12 | 13-15 || total
-------------------------+-------+-------+-------+-------+-------++-------
Melee: Long sword        |    59 |    38 |   154 |   118 |    27 ||   396
       Headbutt          |    14 |    19 |    47 |   186 |   104 ||   370
       Short sword       |       |    71 |    82 |    10 |    89 ||   252
       Peck              |       |     4 |    55 |   163 |    95 ||   317
       Scimitar          |       |       |       |   454 |   187 ||   641
       Dagger            |       |       |       |    49 |       ||    49
       Great sword       |       |       |       |     2 |       ||     2
Throw: Boomerang         |       |    12 |    23 |    37 |     6 ||    78
       Throwing net      |       |     1 |       |       |       ||     1
Evoke: Tin of tremorston |       |       |       |     3 |       ||     3
       Wand              |       |       |       |     1 |     1 ||     2
       Phial of floods   |       |       |       |       |     1 ||     1
  Use: Scroll            |     4 |     3 |     4 |    15 |     5 ||    31
       Potion            |       |     3 |     2 |     4 |     7 ||    16
 Stab: Sleeping          |       |       |     8 |    11 |     5 ||    24
       Distracted        |       |       |     1 |     3 |     3 ||     7
  Eat: Chunk             |     2 |     6 |    12 |     8 |       ||    28
       Ration            |       |       |       |     5 |     4 ||     9
Armor: Leather armour    |    19 |    11 |    57 |     8 |       ||    95
       Skin              |       |     9 |       |     9 |    18 ||    36
       Storm dragon scal |       |       |       |    90 |       ||    90
       Ring mail         |       |       |       |    24 |    73 ||    97
Dodge: Dodged            |    56 |    58 |   167 |   369 |   195 ||   845
Block: Other             |     2 |    20 |    62 |   111 |    56 ||   251
       Reflection        |       |     2 |     5 |    12 |     6 ||    25
       Rpst.: Long sword |    18 |     3 |    27 |    23 |     5 ||    76
       Scimitar          |       |       |       |    55 |    37 ||    92
